 Dungeon Crawl Stone Soup version 0.19-a0-927-g4785921 (webtiles) character file.

185 Svalin the Cleaver (level 5, -3/45 HPs)
             Began as a Hill Orc Berserker on July 6, 2016.
             Was a Believer of Trog.
             Killed by divine providence
             ... invoked by an orc priest
              (10 damage)
             ... on level 3 of the Dungeon.
             The game lasted 00:09:04 (3349 turns).

Svalin the Cleaver (Hill Orc Berserker)             Turns: 3349, Time: 00:09:05

Health: -3/45      AC:  2    Str: 20    XL:     5   Next: 64%
Magic:  5/5        EV: 12    Int:  7    God:    Trog [**....]
Gold:   134        SH:  0    Dex: 11    Spells: 0 memorised, 4 levels left

rFire  . . .     SeeInvis .     a - +0 hand axe
rCold  . . .     Gourm    +     b - +0 animal skin
rNeg   . . .     Faith    .     (no shield)
rPois  .         Spirit   .     (no helmet)
rElec  .         Dismiss  .     (no cloak)
rCorr  .         Reflect  .     (no gloves)
SustAt .         Harm     .     (no boots)
MR     .....                    t - amulet of the gourmand
Stlth  +.........               (no ring)
                                (no ring)

@: exhausted, not resistant to hostile enchantments, very unstealthy
A: no striking features
a: Berserk, Trog's Hand, Burn Spellbooks, Renounce Religion, Convert to Beogh


You were on level 3 of the Dungeon.
You worshipped Trog.
Trog was pleased with you.
You were not hungry.

You visited 1 branch of the dungeon, and saw 3 of its levels.

You collected 134 gold pieces.

Inventory:

Hand Weapons
 a - a +0 hand axe (weapon)
 e - a +0 war axe
Armour
 b - a +0 animal skin (worn)
Jewellery
 t - an amulet of the gourmand (around neck)
Scrolls
 d - 4 scrolls of remove curse
 f - 3 scrolls of identify
 h - a scroll of enchant armour {unknown}
 j - a scroll of immolation {unknown}
 k - a scroll of amnesia {unknown}
 p - a scroll of random uselessness {unknown}
 r - a scroll of fog {unknown}
Potions
 l - 2 potions of might
 n - a potion of magic {unknown}
 o - a potion of flight {unknown}
 q - a potion of heal wounds {unknown}
 s - a potion of degeneration {unknown}
Comestibles
 c - 4 bread rations
 g - 2 meat rations


   Skills:
 - Level 3.6 Fighting
 + Level 8.1 Axes
 - Level 2.1 Armour
 - Level 1.5 Dodging


You had 4 spell levels left.
You didn't know any spells.

Dungeon Overview and Level Annotations

Branches:
Dungeon (3/15)

Altars:
Nemelex Xobeh


Message History

Beogh smites you!
You hit the orc priest but do no damage.
The orc priest is moderately wounded.
You hit the orc priest but do no damage.
The orc priest is moderately wounded.
The orc priest closely misses you.
You closely miss the orc priest.
The orc priest shouts, "Join the one true god or die!"
The orc priest is moderately wounded.
The orc priest hits you with an enchanted whip.
You hit the orc priest but do no damage.
The orc priest is moderately wounded.
The orc priest mumbles some strange prayers to Beogh against you.
Pain shoots through your body!
* * * LOW HITPOINT WARNING * * *
You hit the orc priest but do no damage.
The orc priest is moderately wounded.
The orc priest mumbles some strange prayers to Beogh against you.
Beogh smites you!
You die...

##.#.# #..#.#####..#
.#.#.# ##.#.# ##..#
...#.# #.#.#
#...###### ##.#.####
#...# #.#......###
#....(.######..##
#.######...##
###.#..........## #.#
###...
#.#.######.#..####.#
####
#.#.######.........# #
#.#.#..$..<.†@o....# #
#.#.#!.....)#####....#
#.#((.......# ...
####.##.......## .
..............#
...<..........#
..............#
..............#
[.............#


You could see an orc priest.

Vanquished Creatures
  An orc priest (D:3)
  An orc wizard (D:3)
  An iguana (D:3)
  3 adders
  An ooze (D:3)
  A worm (D:3)
  A dart slug (D:2)
  2 orcs (D:2)
  A ball python (D:2)
  8 bats
  5 giant cockroaches
  11 goblins
  7 hobgoblins
  3 jackals (D:2)
  2 giant newts (D:2)
  8 kobolds
  6 rats
62 creatures vanquished.

Vanquished Creatures (others)
  An ooze (D:1)
  A kobold (D:1)
2 creatures vanquished.

Grand Total: 64 creatures vanquished

Notes
Turn   | Place    | Note
-------+----------+-------------------------------------------
     0 | D:1      | Svalin the Hill Orc Berserker began the quest for the Orb.
     0 | D:1      | Reached XP level 1. HP: 19/19 MP: 1/1
   219 | D:1      | Reached XP level 2. HP: 23/26 MP: 2/2
   408 | D:1      | Reached skill level 5 in Axes
  1302 | D:2      | Reached ** piety under Trog
  1302 | D:2      | Reached XP level 3. HP: 31/31 MP: 3/3
  1647 | D:2      | Reached skill level 6 in Axes
  1714 | D:2      | Found a sparkling altar of Nemelex Xobeh.
  2006 | D:2      | Reached XP level 4. HP: 34/39 MP: 4/4
  2463 | D:3      | Reached skill level 7 in Axes
  3118 | D:2      | Reached XP level 5. HP: 45/45 MP: 5/5
  3312 | D:3      | Reached skill level 8 in Axes
  3349 | D:3      | Killed from afar by an orc priest

Vault maps used:
D:1:      saegor_arrival_simple_b, serial_bayou_pond_d, lemuel_flame_loot_1
D:2:      lemuel_coloured_pillars_altar, minmay_box_of_dots
D:3:      portal_sewer_entry_b, kennysheep_generic_room_9

Skill      XL: |  1  2  3  4  5 |
---------------+----------------+-----
Axes           | 5 6 7 8 |  8.1
Fighting       | |  3.6
Armour         | |  2.1
Dodging        | |  1.5

Action                   |  1- 3 |  4- 6 || total
-------------------------+-------+-------++-------
Melee: Hand axe          |   145 |    76 ||   221
Invok: Berserk           |       |     3 ||     3
  Use: Scroll            |     1 |     2 ||     3
 Stab: Sleeping          |     2 |       ||     2
  Eat: Chunk             |     4 |    10 ||    14
       Beef jerky        |       |     1 ||     1
Armor: Animal skin       |    26 |    16 ||    42
Dodge: Dodged            |    97 |    60 ||   157
